lilith, chaotic female human Rogue ---- |<..--- ------- --- ---- |.....--- ....... ---- .. .. --..|....|. ...@@.| |>... -|- -.- --.|-.....-- ...a..| ..---. --.... --- ..| --.| ---......... --- --- --.f--. |....| -.-.. ..----..|--+-..--- --.|....|..----....- ..| |..|.| ...+-.....-.-.........--+- -----..|....|.....[---#|.. |..|.|-- .-......--................| ------ |..|......).......--.-- ---|....||...........--------|--..-- |!.%!| --......---.%.........-- |.|..||...{....| |.........|..-- ....| |........|.. ............-- |.|..|--.......| |%)%*%(+%)|...| -|- ---....- ---...- -......-|.|------.....-| -----------...| --- -.---.. ..- |..|-...|..-.....|.--..|...|....|------ |.......- |..|-.........|..--- |..| -.....|-....|........-- ....|..((| |.------ |..-................|---.-...-..--..........--....|-...-.(((| |.| -----.....{.....--................|...`.......|....|...-|..((| |.| |..............-.#--|-..---------.........--........... ------ |.--|------- ||-----.........| |...|.|.(((| -........- ---|...|....|-...- --.....|....| |...| --..------- |...|.-..((| -...--- -..|...........|...{..)..-|| |...| --- ------|.(((| ----.....---.........|..|(| --- ------ --- ---------- --- lilith the Rogue Experience level: 6 Strength: 18 Dexterity: 18 Constitution: 13 Intelligence: 8 Wisdom: 11 Charisma: 8 Health: 0(44) Energy: 28(28) Def: 5 Gold: 0 Moves: 3184 Dungeon seed: lOFfcdeUboSFpkaE Game ID: lilith_1517277870 Your Inventory: Weapons a - a blessed +0 dagger (weapon in hand) b - 6 uncursed +0 daggers (in quiver) j - an uncursed +0 elven dagger A - 10 uncursed +0 daggers Z - an uncursed +1 dagger Armor e - an uncursed +1 leather armor (being worn) i - an uncursed +0 dwarvish cloak r - an uncursed +0 dwarvish cloak y - an uncursed +0 dwarvish cloak z - an uncursed +0 dwarvish cloak N - an uncursed +0 dwarvish roundshield (being worn) Y - an uncursed +0 dwarvish cloak (being worn) Comestibles h - an uncursed fortune cookie M - 2 cursed food rations W - 2 uncursed food rations Potions u - an uncursed potion of oil Tools f - 10 uncursed wax candles (0:400) g - an uncursed blindfold k - an uncursed skeleton key l - an uncursed magic whistle p - an uncursed blindfold s - an uncursed skeleton key t - an uncursed skeleton key w - 9 uncursed tallow candles (0:200) x - an uncursed +0 pick-axe B - an uncursed sack F - a blessed tallow candle (0:200) V - 11 cursed tallow candles (0:200) Gems n - 2 uncursed worthless pieces of blue glass q - an uncursed worthless piece of black glass Contents of the sack: 272 gold pieces an uncursed scroll of amnesia an uncursed scroll of confuse monster an uncursed scroll of enchant armor an uncursed scroll of enchant weapon an uncursed scroll of punishment an uncursed potion of blindness an uncursed potion of paralysis an uncursed +1 ring of adornment an uncursed ring of poison resistance an uncursed ring of slow digestion Spells and supernatural/magical abilities: Name Level Category Fail Memory W - pray for help -- divine ? -- Your skills at the end: Fighting Skills Weapon Skills dagger [Skilled] short sword [Basic] Spellcasting Skills Final Attributes: You were piously aligned. You were stealthy. You were lucky. You are dead. Vanquished creatures: a ghost a dingo a dwarf lord a human zombie a water nymph a rock piercer a rock mole 8 gnome lords 5 gnomish wizards a kobold mummy an elf zombie a ghoul a straw golem 4 giant ants a little dog 6 dwarves 2 orc zombies an iguana 3 coyotes 2 hobbits 2 cave spiders a yellow mold 2 green molds 23 gnomes a garter snake a gnome zombie 5 geckos 5 jackals a fox a sewer rat 3 grid bugs 3 bats 7 lichens 5 newts 103 creatures vanquished. Voluntary challenges: You used a wielded weapon 130 times, starting on turn 114. You read items or engraved 84 times, starting on turn 2006. You never genocided any monsters. You never polymorphed an object. You never changed form. You used no wishes. You never split a pudding. You wrote Elbereth's name 83 times, starting on turn 2007. You never violated your personal moral code. Dungeon overview: The Dungeons of Doom: levels 1 to 4 Level 1 some fountains a long staircase Level 2 a fountain, a sink Level 3 a delicatessen, an altar to Kos, a fountain stairs to The Gnomish Mines Level 4 The Gnomish Mines: levels 4 to 8 Level 4 stairs to The Dungeons of Doom Level 5 Level 6 <- You were here many shops, a temple to Mog, some fountains Level 7 Level 8 History has recorded: On T:1 you entered the Dungeons of Doom to retrieve the Amulet of Yendor! On T:186 you reached level 2 of The Dungeons of Doom. On T:770 you reached level 3 of The Dungeons of Doom. On T:835 you reached level 4 of The Dungeons of Doom. On T:848 you advanced to experience level 2. On T:1055 you advanced to experience level 3. On T:1156 you reached level 1 of The Gnomish Mines. On T:1476 you advanced to experience level 4. On T:1725 you reached level 2 of The Gnomish Mines. On T:1951 you advanced to experience level 5. On T:1959 you reached level 3 of The Gnomish Mines. On T:2229 you advanced to experience level 6. On T:2486 you reached level 4 of The Gnomish Mines. On T:2752 you reached level 5 of The Gnomish Mines. Score breakdown: Gold: 272 ( 8286 points) Experience: 6 levels (12456 points) Exploration: 8 levels ( 16.00%) (11338 points) Discoveries: 5 items ( 1.68%) ( 3885 points) Valuables value: (no points given unless you survive) Artifact value: 0 ( 0 points) Variety of kills: 34 monsters ( 8.92%) ( 8961 points) Turncount: 3184 turns ( -687 points) Survival: died (score multiplied by 80%) Total score: 35391 Latest messages: You hit the giant ant! The giant ant bites! (2x) You write in the dust with your fingers. The giant ant turns to flee! You add to the writing in the dust with your fingers. You kill the giant ant! There are a few objects here. You have a little trouble lifting x - a pick-axe. Your movements are slowed slightly because of your load. You hear the chime of a cash register. You see here 5 candles. You have a little trouble lifting V - 5 cursed candles. You hear some noises. The giant ant bites! (2x) The priestess of Mog intones: "Pilgrim, you enter a sacred place!" You have a strange forbidding feeling... The giant ant bites! Archaea misses the giant ant. The giant ant bites! You die... Final status: Goodbye lilith the Rogue, killed by a giant ant... You died in The Gnomish Mines on dungeon level 6 with 35391 points, and 272 pieces of gold, after 3184 moves. You were level 6 with a maximum of 44 hit points when you died.